Cogmind - Beta 15 @@@ ROGUE MODE // 2025.06.24 @ 15:37:11 Player: clapo Result: Destroyed by Y-54 Guardian with Gatling Laser Performance ------------- Evolutions (3) 1500 Regions Visited (5) 1000 Robots Destroyed (125) 625 Value Destroyed (3382) 3382 Prototype IDs (6) 120 Alien Tech Used (0) 0 Bonus (0) 0 TOTAL SCORE: 6627 Bonus ------- None Cogmind --------- Core Integrity 0/700 Matter 150/300 Energy 100/100 System Corruption 27% Temperature Cool (6) Movement Core (400) Ox7 Location -7/Factory Parts ------- > --- POWER (1) -------- (None) > --- PROPULSION (5) --- (None) > --- UTILITY (3) ------ Large Storage Unit Advanced Targeting Computer Advanced Targeting Computer > --- WEAPON (4) ------- Power Maul > --- INVENTORY (15) --- Advanced Treads Advanced Treads Advanced Treads Advanced Visual Processing Unit Advanced Visual Processing Unit Improved Terrain Scanner Recoil Stabilizer Advanced ECM Suite Peak State ------------ > --- POWER ------------ Improved Deuterium Engine > --- PROPULSION ------- Advanced Treads Medium Treads Medium Treads Medium Treads Medium Treads > --- UTILITY ---------- Large Storage Unit Improved Sensor Array Advanced Targeting Computer > --- WEAPON ----------- Improved EM Pulse Cannon Improved EM Pulse Cannon Improved EM Pulse Cannon Plasma Cannon > --- INVENTORY -------- Improved Deuterium Engine Reinforced Deuterium Engine Advanced Treads Advanced Treads Advanced Treads Advanced Treads Carbon-fiber Leg Advanced Visual Processing Unit Advanced Visual Processing Unit Improved Terrain Scanner Advanced Targeting Computer Recoil Stabilizer Advanced ECM Suite Rocket Launcher Concussive RPG [Rating: 50] Favorites ----------- Power Reinforced Deuterium Engine Engine Reinforced Deuterium Engine Power Core Light Nuclear Core Propulsion Medium Treads Treads Medium Treads Leg Aluminum Leg Wheel Wheel Flight Unit Flight Unit Utility Improved Sensor Array Device Improved Sensor Array Storage Large Storage Unit Processor Advanced Targeting Computer Weapon Minigun Energy Gun Small Laser Energy Cannon Improved EM Pulse Cannon Ballistic Gun Minigun Ballistic Cannon Flak Cannon Launcher Concussive RPG Impact Weapon Power Maul Build | -11 -10 -9 -9 -8 -7 ------- Run | Yrd Mat Mat Min Mat Fac Slots Evolved 6 | . . 2 . 2 2 Power . | . . . . . . Propulsion 3 | . . 2 . 1 . Utility 1 | . . . . 1 . Weapon 2 | . . . . . 2 Parts Attached 84 | 7 8 21 . 21 27 Power 12 | 1 2 3 . 2 4 Engine 10 | 1 2 3 . 1 3 Core 2 | . . . . 1 1 Reactor . | . . . . . . Propulsion 37 | 2 2 13 . 9 11 Treads 22 | . . 4 . 9 9 Leg 8 | 2 2 2 . . 2 Wheel 1 | . . 1 . . . Hover . | . . . . . . Flight 6 | . . 6 . . . Utility 10 | 2 2 1 . 3 2 Device 5 | 2 . 1 . 2 . Storage 2 | . 1 . . 1 . Processor 3 | . 1 . . . 2 Hackware . | . . . . . . Protection . | . . . . . . Artifact . | . . . . . . Weapon 25 | 2 2 4 . 7 10 Energy Gun 8 | 2 2 2 . . 2 Energy Cannon 4 | . . . . . 4 Ballistic Gun 7 | . . 1 . 5 1 Ballistic Cannon 3 | . . . . 2 1 Launcher 2 | . . 1 . . 1 Special Weapon . | . . . . . . Impact Weapon 1 | . . . . . 1 Slashing Weapon . | . . . . . . Piercing Weapon . | . . . . . . Special Melee Weapon . | . . . . . . Unidentified Prototypes 3 | . . 3 . . . Corrupted Parts 1 | . . . . . 1 System Corruption 6 | . . . . . 6 Parts Lost 28 | . 2 1 . 1 24 Power 4 | . 1 . . . 3 Propulsion 9 | . . . . 1 8 Utility 2 | . . 1 . . 1 Weapon 13 | . 1 . . . 12 Highest Loss Streak 12 | . 2 1 . 1 12 To Critical Strikes 2 | . . . . . 2 Average Backups 9 | 2 4 7 9 9 12 Power . | . . . 1 . 1 Propulsion 3 | . 2 4 3 1 4 Utility 2 | . 1 1 3 2 4 Weapon 1 | . . . 2 4 1 Tool/Special . | . . . . . . Unused Backups 11 | . 1 . . 7 3 Power 3 | . 1 . . 2 . Propulsion . | . . . . . . Utility 5 | . . . . 2 3 Weapon 3 | . . . . 3 . Tool/Special . | . . . . . . Average Slot Usage (%) 92 | . 94 91 88 95 90 Engine 7 | . 13 11 11 7 5 Treads 28 | . . 14 . 39 34 Leg 5 | . 28 16 . . . Flight 2 | . . 10 44 1 . Device 12 | . 14 8 11 17 10 Storage 7 | . . 11 11 9 7 Processor 2 | . 10 . . . 3 Energy Gun 5 | . 26 11 11 . 2 Energy Cannon 1 | . . . . . 3 Ballistic Gun 9 | . . 6 . 7 14 Ballistic Cannon 4 | . . . . 10 3 Peak Build Rating 50 | 11 10 18 18 42 50 Average Rating 29 | 5 9 13 18 33 41 On Entrance 15 | . 8 8 18 18 42 Naked Turns . | . . . . . . Heaviest Build 59 | 8 17 21 21 45 59 Greatest Support 134 | 20 20 98 24 134 134 Greatest Overweight (x) 9 | . . 2 . 2 9 Average Overweight (x) . | . . . . . . Largest Inventory Capacity 15 | 5 10 10 10 15 15 Average Capacity 11 | 5 5 10 10 10 15 Most Carried 15 | 4 5 10 9 15 15 Average Carried 9 | 2 4 7 9 9 12 Final Capacity 15 | 5 10 10 10 15 15 Final Carried 15 | 4 4 9 9 15 8 Class Distribution -------------------- 48% | Mutant 28% | Skirmisher 10% | Scavenger-Mutant 7% | Gunner 5% | Sprinter Dominant Class ---------------- Scavenger-Mutant | -10/Materials Scavenger-Mutant | -9/Materials Sprinter | -9/Mines Mutant | -8/Materials Skirmisher | -7/Factory Resources | -11 -10 -9 -9 -8 -7 ----------- Run | Yrd Mat Mat Min Mat Fac Matter Collected 3579 | 280 60 332 . 897 2010 Remotely . | . . . . . . Salvage Created 4152 | 137 445 526 . 835 2209 Parts 241 | 10 26 28 . 42 135 Haulers Intercepted 1 | . . 1 . . . Recyclers Shooed 7 | . . 3 . 3 1 Parts Field Recycled . | . . . . . . Retrieved Matter . | . . . . . . Parts Self-Destructed . | . . . . . . Prevented . | . . . . . . Kills | -11 -10 -9 -9 -8 -7 ------- Run | Yrd Mat Mat Min Mat Fac Combat Hostiles Destroyed 75 | 1 12 10 . 20 32 Melee 1 | . . . . . 1 Guns 46 | 1 12 8 . 3 22 Cannons 22 | . . . . 17 5 AOE 6 | . . 2 . . 4 Classes Destroyed 15 | 3 3 4 . 3 2 Worker 16 | 1 . 1 . 5 9 Builder 10 | . 2 . . . 8 Tunneler 5 | 4 1 . . . . Hauler 1 | . . 1 . . . Recycler 7 | . . 3 . 1 3 Mechanic 3 | . . . . 1 2 Operator 3 | . 1 1 . 1 . Watcher 5 | . . 1 . 2 2 Swarmer 15 | . 6 7 . . 2 Grunt 37 | 1 6 2 . 13 15 Brawler 8 | . . . . 3 5 Duelist 2 | . . . . 1 1 Sentry 7 | . . 1 . 3 3 Hunter 1 | . . . . . 1 Programmer 5 | . . . . . 5 Best Kill Streak 14 | 2 5 4 . 6 14 Combat Bots Only 5 | 1 5 4 . 5 5 Max Kills in Single Turn 2 | 1 1 2 . 2 2 Gunslinging . | . . . . . . Exploded 2 | . . 2 . . 1 Melee 1 | . . . . . 1 Uniques/NPCs Destroyed . | . . . . . . Combat | -11 -10 -9 -9 -8 -7 -------- Run | Yrd Mat Mat Min Mat Fac Hostile Shots Fired 642 | 4 57 58 2 84 437 Missed 198 | 2 20 18 2 19 137 Hits 444 | 2 37 40 . 65 300 Melee 15 | . . . . 5 10 Projectile 429 | 2 37 40 . 60 290 Critical Strikes 16 | . . 1 . 4 11 Part Disruptions 3 | . . . . . 3 Damage Taken 6405 | 22 400 448 . 1057 4478 Core 941 | . 41 111 . 85 704 Absorbed by Shields . | . . . . . . Core Remaining (%) 84 | 100 83 . 72 84 . Volleys Fired 306 | 19 49 56 . 69 113 Largest 4 | 2 2 2 . 2 4 Hottest 287 | 90 90 78 . 74 287 Shots Fired 757 | 38 92 90 . 138 399 Gun 593 | 38 92 88 . 48 327 Cannon 153 | . . . . 90 63 Launcher 11 | . . 2 . . 9 Special . | . . . . . . Kinetic 529 | . . 32 . 138 359 Thermal 186 | 38 92 49 . . 7 Explosive 11 | . . 2 . . 9 Electromagnetic 31 | . . 7 . . 24 Robot Hit Streak 17 | 6 10 11 . 17 17 Robot Miss Streak 9 | 3 5 4 . 9 8 Penetration Max . | . . . . . . Secondary Targets 4 | . . . . . 4 Max Gunslinging Chain 1 | . . . . . 1 Shots Hit Robots 453 | 23 48 47 . 117 218 Core Hits 277 | 7 25 25 . 119 101 Critical Kills 1 | . . . . . 1 Critical Parts Destroyed . | . . . . . . Critical Strikes 11 | 1 2 4 . . 4 Burn 7 | 1 2 4 . . . Destroy 1 | . . . . . 1 Blast 3 | . . . . . 3 Melee Attacks 5 | . . . . . 5 Impact 5 | . . . . . 5 Slashing . | . . . . . . Piercing . | . . . . . . Sneak Attacks . | . . . . . . Combat Hostiles . | . . . . . . Follow-up Attacks . | . . . . . . Damage Inflicted 8326 | 261 579 780 . 2118 4588 Guns 5269 | 261 570 589 . 618 3231 Cannons 2416 | . . . . 1500 916 Explosions 449 | . . 191 . . 258 Melee 159 | . . . . . 159 Ramming 33 | . 9 . . . 24 Kinetic 6010 | . . 107 . 2118 3785 Thermal 1356 | 261 570 374 . . 151 Explosive 395 | . . 191 . . 204 Electromagnetic 360 | . . 108 . . 252 Impact 172 | . . . . . 172 Slashing . | . . . . . . Piercing . | . . . . . . Highest Corruption 27 | . . 5 5 . 27 Average Corruption 6 | . . 5 5 . 6 Corruption Purged . | . . . . . . Corruption Blocked . | . . . . . . Effects 57 | . . 14 2 . 41 Message Errors 14 | . . 1 . . 13 Matter Fused 16 | . . 4 1 . 11 Heat Flow Errors 3 | . . 1 1 . 1 Energy Discharges 10 | . . 4 . . 6 Parts Rejected 1 | . . . . . 1 Parts Fused 3 | . . 2 . . 1 Data Loss (minor) 1 | . . . . . 1 Data Loss (major) 2 | . . . . . 2 Misfires 2 | . . 1 . . 1 Alerts 3 | . . 1 . . 2 Misdirections 2 | . . . . . 2 Overload Shots . | . . . . . . Overflow Damage 51 | . . . . . 51 Projectiles 7 | . . . . . 7 Explosions 33 | . . . . . 33 Melee 11 | . . . . . 11 Knockbacks 35 | . . . . 33 2 Impact 2 | . . . . . 2 Kinetic 28 | . . . . 28 . Secondary 5 | . . . . 5 . Self-Inflicted Damage 271 | . . . . . 271 Shots 7 | . . . . . 7 Rammed 3 | . . . . . 3 Targets Rammed 6 | . 2 . . . 4 Kicked 2 | . 2 . . . . Crushed 1 | . . . . . 1 Highest Temperature 440 | 90 291 279 152 114 440 Average Temperature 88 | 33 90 56 76 33 118 Received Heat Transfer 1377 | 12 180 51 . 540 594 Effects 6 | . 2 . . . 4 Shutdowns 1 | . . . . . 1 Energy Bleed 3 | . 2 . . . 1 Interference 2 | . . . . . 2 Siege Activations . | . . . . . . Martial Activations . | . . . . . . Shielding Activations . | . . . . . . Robots Disrupted . | . . . . . . Combat Hostiles . | . . . . . . Robots Corrupted . | . . . . . . Combat Hostiles . | . . . . . . Parts Fried . | . . . . . . Impact Corruptions 1 | . . . . . 1 Robots Melted . | . . . . . . Combat Hostiles . | . . . . . . Parts Melted 11 | 2 4 5 . . . Heat Transferred 3844 | 769 1612 1213 . . 250 Parts Sabotaged . | . . . . . . Parts Stolen . | . . . . . . Parts Stripped . | . . . . . . Power Chain Reactions 2 | . . . . . 2 Alert | -11 -10 -9 -9 -8 -7 ------- Run | Yrd Mat Mat Min Mat Fac Maximum Alert Level 1 | . . . . 1 1 Low Security (%) 73 | 100 100 100 100 89 45 Level 1 26 | . . . . 10 54 Level 2 . | . . . . . . Level 3 . | . . . . . . Level 4 . | . . . . . . Level 5 . | . . . . . . High Security . | . . . . . . Max Security . | . . . . . . Peak Influence 314 | 25 139 94 47 224 314 Initial 74 | . . 6 27 8 74 Average 124 | 2 72 23 23 88 211 Influence Increases 2412 | 45 344 309 55 594 1065 Destroy 0b10 Robot/C 1540 | 20 240 200 40 400 640 Destroy 0b10 Robot/NC 250 | 25 20 35 . 50 120 Destroy Leader 312 | . 40 34 . 94 144 Successful Hack 39 | . 14 10 . 5 10 Disable Machine 60 | . . . . . 60 Destroy Structure 46 | . . . . . 46 Lose Combat Pursuer 165 | . 30 30 15 45 45 Influence Decreases 2201 | 45 328 253 105 451 1019 Entered New Map 160 | . . 10 45 14 91 Time Decay 1741 | 45 308 233 40 427 688 Lost Part 280 | . 20 10 . 10 240 Lost Ally 20 | . . . 20 . . Squads Dispatched 16 | . 3 . . 2 11 Investigation 4 | . 1 . . 2 1 Extermination 5 | . . . . . 5 Reinforcement 6 | . 2 . . . 4 Assault . | . . . . . . Garrison 1 | . . . . . 1 Intercept . | . . . . . . Searches Triggered . | . . . . . . Construction Impeded . | . . . . . . Haulers Reinforced 1 | . . . . . 1 Active Scanning Responses . | . . . . . . Cargo Convoy Interrupts 1 | . . . . . 1 Stealth | -11 -10 -9 -9 -8 -7 --------- Run | Yrd Mat Mat Min Mat Fac Distress Signals 7 | . . 2 . 3 2 Communications Jammed . | . . . . . . Distress Signals . | . . . . . . Times Spotted 139 | 1 25 20 5 39 49 Peak Tracking Total 9 | 1 5 7 3 9 5 Tactical Retreats 11 | . 2 2 1 3 3 Traps | -11 -10 -9 -9 -8 -7 ------- Run | Yrd Mat Mat Min Mat Fac Traps Triggered 4 | . 1 . . 1 2 Indirectly . | . . . . . . Trap Hack Attempts . | . . . . . . Triggered . | . . . . . . Disarmed . | . . . . . . Reprogrammed . | . . . . . . Reused . | . . . . . . Traps Extracted . | . . . . . . Installed . | . . . . . . Triggered . | . . . . . . Machines | -11 -10 -9 -9 -8 -7 ---------- Run | Yrd Mat Mat Min Mat Fac Machines Disabled 4 | . . . . . 4 Max in Single Turn 1 | . . . . . 1 Machines Repaired . | . . . . . . Machines Dismantled . | . . . . . . Machines Sabotaged . | . . . . . . Overloaded Fab Kills . | . . . . . . Hacking | -11 -10 -9 -9 -8 -7 --------- Run | Yrd Mat Mat Min Mat Fac Machines Accessed 12 | . 2 4 . 3 3 Terminals 7 | . 1 3 . 3 . Fabricators 1 | . . . . . 1 Repair Stations 1 | . . . . . 1 Recycling Units 3 | . 1 1 . . 1 Scanalyzers . | . . . . . . Garrison Access . | . . . . . . Total Hacks 25 | . 5 6 . 9 5 Successful 18 | . 4 4 . 7 3 Failed 7 | . 1 2 . 2 2 Catastrophic 1 | . . . . . 1 Database Lockouts . | . . . . . . Manual 4 | . . . . 4 . Terminals 16 | . 2 5 . 9 . Fabricators 2 | . . . . . 2 Repair Stations 1 | . . . . . 1 Recycling Units 6 | . 3 1 . . 2 Scanalyzers . | . . . . . . Garrison Access . | . . . . . . Terminal Hacks 11 | . 1 3 . 7 . Record 4 | . . . . 4 . Prototype ID Bank 1 | . 1 . . . . Emergency Access Points 1 | . . . . 1 . Hauler Manifests 1 | . . . . 1 . Zone Layout 4 | . . 3 . 1 . Fabricator Hacks 1 | . . . . . 1 Network Status 1 | . . . . . 1 Repair Station Hacks 1 | . . . . . 1 Scan Component 1 | . . . . . 1 Recycling Unit Hacks 5 | . 3 1 . . 1 Recycle Component 2 | . 1 . . . 1 Process 2 | . 1 1 . . . Retrieve Components 1 | . 1 . . . . Scanalyzer . | . . . . . . Garrison Access Hacks . | . . . . . . Unauthorized Hacks . | . . . . . . Terminals . | . . . . . . Fabricators . | . . . . . . Repair Stations . | . . . . . . Recycling Units . | . . . . . . Scanalyzers . | . . . . . . Garrison Access . | . . . . . . Data Cores Recovered 1 | . . 1 . . . Used . | . . . . . . Hacking Detections 6 | . 2 1 . 1 2 Full Trace Events 3 | . 1 . . 1 1 Feedback Events . | . . . . . . Feedback Blocked . | . . . . . . Robot Schematics Acquired . | . . . . . . Robots Built . | . . . . . . Authchips . | . . . . . . Time . | . . . . . . Total Robot Build Rating . | . . . . . . Part Schematics Acquired . | . . . . . . Parts Built . | . . . . . . Authchips . | . . . . . . Time . | . . . . . . Total Part Build Rating . | . . . . . . Parts Repaired . | . . . . . . Time . | . . . . . . Parts Recycled 2 | . 1 . . . 1 Recycled Matter 135 | . 40 95 . . . Retrieved Matter . | . . . . . . Retrieved Components . | . . . . . . Parts Scanalyzed . | . . . . . . Part Schematics Acquired . | . . . . . . Parts Damaged . | . . . . . . Bothacking | -11 -10 -9 -9 -8 -7 ------------ Run | Yrd Mat Mat Min Mat Fac Used RIF Installer . | . . . . . . Robots Hacked . | . . . . . . Non-combat . | . . . . . . Combat . | . . . . . . Robot Hacks Applied . | . . . . . . Relay Couplers Released . | . . . . . . Fabnet Peak Effective % . | . . . . . . Robots Rewired . | . . . . . . Allies Hacked . | . . . . . . Hacks Repelled . | . . . . . . Allies | -11 -10 -9 -9 -8 -7 -------- Run | Yrd Mat Mat Min Mat Fac Total Allies 2 | . . . 2 . . Largest Group 2 | . . . 2 . . Highest-Rated Group 41 | . . . 41 . . Highest-Rated Ally 31 | . . . 31 . . Total Orders . | . . . . . . Ally Attacks 8 | . . . 8 . . Total Damage 127 | . . . 127 . . Kills 2 | . . . 2 . . Allies Corrupted . | . . . . . . Allies Melted . | . . . . . . Intel | -11 -10 -9 -9 -8 -7 ------- Run | Yrd Mat Mat Min Mat Fac Active Infowar (turns) 4837 | 206 701 197 . 1511 2222 Sensors 3733 | . . . . 1511 2222 Terrain 1104 | 206 701 197 . . . Robot Analysis Total . | . . . . . . Derelict Logs Recovered . | . . . . . . Drone Launches . | . . . . . . Drone Recoveries . | . . . . . . Exploration | -11 -10 -9 -9 -8 -7 ------------- Run | Yrd Mat Mat Min Mat Fac Turns Passed 6465 | 454 701 800 89 1645 2776 Spaces Moved 3926 | 336 408 609 273 864 1436 Core 93 | 39 . 7 . 3 44 Treads 2135 | . . 97 . 798 1240 Legs 1014 | 297 408 157 . . 152 Wheels . | . . . . . . Hover . | . . . . . . Flight 684 | . . 348 273 63 . Fastest Speed 28 | 50 120 31 31 28 120 Average Speed 129 | 111 120 81 31 147 163 Slowest Speed 500 | 120 120 190 31 160 500 Overloaded Moves . | . . . . . . Propulsion Burnouts . | . . . . . . Robots Hopped 6 | . . 5 1 . . Potential Cave-ins . | . . . . . . Cave-ins Triggered . | . . . . . . Exploration Rate (%) 31 | 7 39 31 56 34 24 Regions Visited 5 Branch Regions 1 Pre-discovered Areas . | . . . . . . Known Exits Taken . | . . . . . . Unknown Exits Taken 5 | 1 1 1 1 1 . Scrap Searched . | . . . . . . Spaces Dug . | . . . . . . Terrain Destroyed 68 | . . . . . 68 Melee . | . . . . . . Projectile 10 | . . . . . 10 AOE 58 | . . . . . 58 Terrain Rammed . | . . . . . . Walls Destroyed . | . . . . . . Machines Disabled . | . . . . . . Actions | -11 -10 -9 -9 -8 -7 --------- Run | Yrd Mat Mat Min Mat Fac Total 4754 | 374 528 827 275 1108 1642 Wait 281 | 5 52 92 4 98 30 Move 3909 | 335 407 598 270 863 1436 Hop 6 | . . 5 1 . . Pick Up 41 | 4 3 13 . 16 5 Fast Attach 50 | 7 3 13 . 13 14 Attach 25 | 1 . 8 . 3 13 Detach 29 | 2 1 13 . 8 5 Swap 35 | . 5 9 . 12 9 Drop 61 | 1 6 20 . 26 8 Fire 306 | 19 49 56 . 69 113 Melee 5 | . . . . . 5 Ram 2 | . . . . . 2 Kick 2 | . 2 . . . . Crush 2 | . . . . . 2 Escape Stasis . | . . . . . . Rewire . | . . . . . . Trap . | . . . . . . Miscellaneous . | . . . . . . Route ------- -11/Scrapyard -10/Materials -9/Materials -9/Mines (discovered 2 exits: *Mat x2) -8/Materials -7/Factory History --------- Turn | Location | Event 2 | -11/Scrapyard | Met Revision 17 200 | -11/Scrapyard | Discovered new exit (range 8) 455 | -11/Scrapyard | Entered Materials 456 | -10/Materials | Build established: Mutant 980 | -10/Materials | Discovered new exit (range 15) 1110 | -10/Materials | Build established: Scavenger-Mutant 1156 | -10/Materials | Entered another Materials area 1156 | -9/Materials | Evolved 2 slots: Propulsion x2 1926 | -9/Materials | Discovered new exit (range 11) 1956 | -9/Materials | Entered Mines 2008 | -9/Mines | Discovered new exit (range 13) 2024 | -9/Mines | Received a Rocket Launcher from a helpful Derelict 2041 | -9/Mines | Discovered new exit (range 10) 2045 | -9/Mines | Entered Materials 2045 | -8/Materials | Evolved 2 slots: Propulsion x1, Utility x1 2084 | -8/Materials | Build established: Sprinter 2398 | -8/Materials | Build established: Mutant 3676 | -8/Materials | Discovered new exit (range 8) 3690 | -8/Materials | Entered Factory 3690 | -7/Factory | Evolved 2 slots: Weapon x2 4000 | -7/Factory | Build established: Skirmisher 4033 | -7/Factory | Garrison activated, responded to threat 4659 | -7/Factory | Cargo convoy interrupted 5955 | -7/Factory | System corruption reached 10% 5997 | -7/Factory | Core integrity fell below 50% 6026 | -7/Factory | Lost 12 parts (2p5n1u4w) 6214 | -7/Factory | Lost 3 parts (1n2w) 6441 | -7/Factory | Build established: Mutant 6446 | -7/Factory | Core integrity fell below 20% 6466 | -7/Factory | Destroyed by Y-54 Guardian with Gatling Laser Last Messages --------------- 06358_ A bubble of electromagnetic force engulfs the area. 06358_ Door malfunctions. 06374_ System corrupted: Matter fused (-8). 06392_ System corrupted: Matter fused (-7). 06403_ ALERT: Suspicious intruders detected, dispatching Specialist reinforcements to area. 06420_ Acquired Power Maul. 06423_ System corrupted: Carbon-fiber Leg rejected. 06433_ P-60 Hacker knocked back. 06438_ System corrupted: Heat flow error (+124). 06446_ Imp. Carbon-fiber Leg destroyed. 06447_ Destroyed Remote Datajack. 06447_ P-60 Hacker system corrupted by crushing effect. 06447_ P-60 Hacker knocked back. 06454_ Lgt. Nuclear Core destroyed. 06464_ System corrupted: Matter fused (-5). [Achievement: 5k Club] Map ----- +----------------------------------------------------+ | ????????????????????????????????????????? | | ######??????????????????????????????????? | | ??????????? ????????????????????? | | ??????????? ????????????????????? | | ?????????? ????????????????????? | | ?????????? ????????????????????? | | ?????????? ????????????????????? | | +###?????????????# ????????????????????? | | #?????????????# ????????????????????? | | #?????????????# ????????????????????? | | #????????????? ????????????????????? | | #?????????????# ##+#########?????????? | | #?????????????# ## #?????????? | | #????????????## ## #?????????? | | #????????##### # #?????????? | | #????????+ + #?????????? | | #????????##### # #?????????? | | #????????????## ## #?????????? | | ??????#######??# ## #?????????? | | ????????# #?## ## #?????????? | | ????????# ### ####/######?????????? | | ######### " #??#Y#??????????????? | | ### #### ###????????????? | | ### #?## ### #????????????? | | # #??# ### #????????????? | | # #??# @ +????????????? | | / #??##### #????????????? | | # #??????# = #????????????? | | # #??????#######????????????? | | #############?????????????????????????? | | ##??????????????????????????????????????? | | | | | | | | | | | | | | | | | | | | | | | | | | | | | | | | | | | | | | | +----------------------------------------------------+ Best States ------------- Heat Dissipation 34 Energy Generation 16 Energy Capacity 290 Matter Stores 300 Matter Capacity 300 Sight Range 16 Robot Scan Range 15 Terrain Scan Range 16 Terrain Scan Density 85 Additional Mass Support 6 Evasion (%) 64 Targeting Accuracy 16 Recoil Reduction 9 Item Schematics ----------------- None Robot Schematics ------------------ None Fabricated ------------ Nothing Repaired ---------- Nothing Alien Tech Used ----------------- None Achievements -------------- 5k Club Hey, That's Mine! Let's See Who's Tougher More Dakka Please Oops Serviceable Loadout System Compromised Troublemaker Challenges ------------ None Game ------ Seed DerelictProjectileEngine Manual? 0 Play Time 01:27:24 Cumulative 3.0 hours Start 2025.06.24 @ 01:39:42 End 2025.06.24 @ 15:37:11 Sessions 3 Manual Loads 0 Difficulty Rogue Special Mode None Game No. 7 Rogue 7 Adventurer 0 Explorer 0 Win Type - Total 0 Types 0/0/0/0/0/0/0/0/0/0 Lore% 1 Gallery% 8 Achievement% 7 Wizard Run 0 Options --------- Layout 1 ASCII 0 Keyboard 1 Movement Arrows Keybinds 0 Fullscreen 2 Font 32/SmallcapsGlow Map View 50x35 Zoom Use 0% Tactical HUD 1 Map Filters NONE Filters NONE Steam 1 RUN: 207c9d12-d01a-41f8-bf34-d7249f08cdd1